 Dungeon Crawl Stone Soup version 0.15-a0-1866-g491fd59 (webtiles) character file.

4494 PolkaDot the Unseen (level 10, -1/67 HPs)
             Began as a Vampire Assassin on July 4, 2014.
             Was a Priest of Dithmenos.
             Slain by an orc warrior
             ... wielding a +0 short sword
              (11 damage)
             ... on Level 10 of the Dungeon.
             The game lasted 00:29:37 (7571 turns).

PolkaDot the Unseen (Vampire Assassin)              Turns: 7571, Time: 00:29:37

HP  -1/67        AC  7     Str 10      XL: 10   Next: 16%
MP  11/11        EV 13     Int 13      God: Dithmenos [***...]
Gold 468         SH  0     Dex 18      Spells:  0 memorised,  9 levels left

rFire  . . .     SeeInvis +     a - +2 dagger
rCold  . . .     Clarity  .     g - +2 leather armour {rN+}
rNeg   + . .     rCorr    .     (no shield)
rPois  .         rRot     .     (no helmet)
rElec  .         Spirit   .     d - +0 cloak
SustAb .         Warding  .     (no gloves)
rMut   .         Stasis   .     (no boots)
Gourm  .                        (no amulet)
MR     +....                    B - ring of flight
                                p - +6 ring of slaying

@: regenerating very quickly, wreathed by umbra, somewhat resistant to hostile
enchantments, extremely stealthy
A: bottle blood, fangs 3, see invisible, unbreathing
a: Bottle Blood, Shadow Step, Renounce Religion, Evoke Flight


You were on level 10 of the Dungeon.
You worshipped Dithmenos.
Dithmenos was most pleased with you.
You were almost alive.

You visited 2 branches of the dungeon, and saw 12 of its levels.

You collected 468 gold pieces.

Inventory:

Hand weapons
 a - a +2 dagger (weapon)
 b - the +3 war axe "Shisat" {drain, rF+ rC+}
   (You found it on level 9 of the Dungeon)

   A truly terrible weapon, it drains the life of those it strikes.
   It protects you from fire.
   It protects you from cold.
 c - a +0 blowgun
Missiles
 e - 53 poisoned needles
 f - 2 curare-tipped needles
Armour
 d - a +0 cloak (worn)
 g - a +2 leather armour of positive energy (worn)
Magical devices
 w - a wand of digging (14)
 x - a wand of paralysis (2)
Scrolls
 h - 5 scrolls of enchant armour {unknown}
 i - 3 scrolls of fog {unknown}
 k - a scroll of fear {unknown}
 l - 3 scrolls of remove curse
 n - 2 scrolls of amnesia {unknown}
 o - a scroll of immolation {unknown}
 r - 2 scrolls of blinking {unknown}
 s - a scroll of random uselessness {unknown}
 t - a scroll of magic mapping {unknown}
 u - a scroll of holy word {unknown}
 v - 5 scrolls of teleportation {unknown}
 y - 3 scrolls of noise {unknown}
 C - a scroll of recharging {unknown}
Jewellery
 p - a +6 ring of slaying (left hand)
 B - a ring of flight (right hand)
Potions
 j - 3 potions of flight
 m - 2 potions of lignification
 q - 22 potions of blood {@w2}
 z - 2 potions of curing
 A - a potion of might
 D - a potion of haste
 E - 2 potions of brilliance


   Skills:
 - Level 1.7 Fighting
 + Level 9.0 Short Blades
 - Level 1.5 Throwing
 - Level 6.0 Armour
 + Level 3.5 Dodging
 * Level 15.0 Stealth
 - Level 0.8 Evocations


You had 9 spell levels left.
You didn't know any spells.

Dungeon Overview and Level Annotations

Branches:
Dungeon (11/15)            Temple (1/1) D:4            Lair (0/8) D:10
    Orc: D:9-12

Altars:
Ashenzari
Cheibriados
Dithmenos
Elyvilon
Fedhas
Gozag
Kikubaaqudgha
Makhleb
Nemelex Xobeh
Okawaru
Qazlal
Sif Muna
Trog
Vehumet
Xom
Yredelemnul
Zin
The Shining One

Shops:
D:5 :


Innate Abilities, Weirdness & Mutations

Your natural rate of healing is extremely fast.
You can bottle blood from corpses.
You have razor-sharp teeth.*
You have supernaturally acute eyesight.
You can survive without breathing.*


Message History

* * * LOW HITPOINT WARNING * * *
The orc warrior hits you with a short sword!
* * * LOW HITPOINT WARNING * * *
The orc wizard barely misses you.
Drink which item? (? for menu, Esc to quit)
Okay, then.
Drink which item? (? for menu, Esc to quit)
Yummy - fresh blood!
The orc wizard hits you with a dagger.
* * * LOW HITPOINT WARNING * * *
You barely miss the orc warrior.
You bite the orc warrior, but do no damage.
The orc warrior is severely wounded.
You hit the orc warrior.
The orc warrior is severely wounded.
The orc wizard mumbles some strange words.
The orc wizard seems to speed up.
You barely miss the orc warrior.
The orc warrior is severely wounded.
The orc warrior hits you with a short sword!
You die...

#.# #o# #.# #.#
#)######## #####
#......... ......
#oo....... ......
#o######## ######
#@# #.#
#.################
#.................
#.................
#.................
#.................
#......)..........
#.................


You could see an orc warrior and 3 orc wizards.

Vanquished Creatures
  A centaur zombie (D:7)
  A hill giant zombie (D:8)
  A hippogriff (D:8)
  A hungry ghost (D:7)
  An orc warrior (D:9)
  4 ice beasts
  3 sky beasts
  2 centaurs
  3 black bears
  A phantom (D:7)
  7 giant frogs
  5 ogres
  3 wights (D:7)
  4 electric eels (D:7)
  3 scorpions
  A hippogriff skeleton (D:10)
  5 crimson imps
  A giant frog zombie (D:10)
  5 hounds
  A goliath beetle (D:7)
  A jelly (D:6)
  An orc priest (D:10)
  An iron imp (D:8)
  3 iguanas
  2 orc wizards
  5 worker ants
  A mottled dragon zombie (D:9)
  Terence (D:3)
  A mummy (D:8)
  A worker ant zombie (D:6)
  15 adders
  2 orc zombies
  7 gnolls
  A scorpion zombie (D:7)
  A giant mite (D:4)
  3 shadow imps
  A worm (D:5)
  An inept item mimic (D:6)
  An adder skeleton (D:7)
  2 adder zombies
  7 giant geckos
  2 oozes
  12 orcs
  A bat skeleton (D:4)
  5 giant cockroaches
  21 hobgoblins
  22 kobolds
  A quokka (D:5)
  2 ball pythons
  24 bats
  5 giant newts
  A giant spore (D:8)
  12 goblins
  A hobgoblin skeleton (D:5)
  8 jackals
  13 rats
  A rat skeleton (D:8)
242 creatures vanquished.

Vanquished Creatures (others)
  A porcupine (D:10)
  A giant spore (D:10)
  A rat (D:7)
3 creatures vanquished.

Grand Total: 245 creatures vanquished

Notes
Turn   | Place    | Note
--------------------------------------------------------------
     0 | D:1      | PolkaDot, the Vampire Assassin, began the quest for the Orb.
     0 | D:1      | Reached XP level 1. HP: 16/16 MP: 1/1
   119 | D:1      | Reached XP level 2. HP: 17/22 MP: 2/2
   160 | D:1      | Reached skill level 6 in Stealth
   413 | D:1      | Reached XP level 3. HP: 27/27 MP: 3/3
  1065 | D:2      | Reached XP level 4. HP: 30/33 MP: 4/4
  1367 | D:3      | Noticed Terence
  1418 | D:3      | Killed Terence
  1612 | D:3      | Reached XP level 5. HP: 38/38 MP: 5/5
  1745 | D:3      | Reached skill level 7 in Stealth
  2161 | D:4      | Reached skill level 5 in Short Blades
  2185 | D:4      | Found a staircase to the Ecumenical Temple.
  2206 | Temple   | Entered the Ecumenical Temple
  2296 | Temple   | Became a worshipper of Dithmenos the Shadowed
  2386 | D:4      | Reached skill level 8 in Stealth
  2415 | D:4      | Reached XP level 6. HP: 44/44 MP: 6/6
  2737 | D:5      | Entered Level 5 of the Dungeon
  2753 | D:5      | Reached skill level 1 in Armour
  2884 | D:5      | Reached skill level 9 in Stealth
  2884 | D:5      | Reached XP level 7. HP: 38/49 MP: 7/7
  3101 | D:5      | Found Utianura's Book Shop.
  3324 | D:5      | Found a glowing silver altar of Zin.
  3984 | D:6      | Reached XP level 8. HP: 53/55 MP: 9/9
  3992 | D:6      | Reached skill level 10 in Stealth
  4374 | D:7      | Found a shimmering altar of Xom.
  4428 | D:7      | Noticed a centaur zombie
  4444 | D:7      | Killed a centaur zombie
  4444 | D:7      | Reached skill level 11 in Stealth
  4654 | D:7      | Reached skill level 12 in Stealth
  4661 | D:7      | Acquired Dithmenos' first power
  4661 | D:7      | Reached skill level 5 in Armour
  4661 | D:7      | Reached XP level 9. HP: 18/61 MP: 10/10
  4682 | D:7      | HP: 2/61 [electric eel/bolt of electricity (10)]
  4937 | D:7      | Found a deep blue altar of Sif Muna.
  5335 | D:7      | Found a snail-covered altar of Cheibriados.
  5702 | D:8      | Reached skill level 13 in Stealth
  5995 | D:8      | Acquired Dithmenos' second power
  6013 | D:8      | Found a burning altar of Makhleb.
  6282 | D:8      | You fall through a shaft for 3 floors!
  6308 | D:10     | Entered Level 10 of the Dungeon
  6346 | D:10     | Reached skill level 14 in Stealth
  6517 | D:9      | Found a glowing golden altar of the Shining One.
  6517 | D:9      | Noticed an angel
  6633 | D:9      | Got a steaming war axe
  6634 | D:9      | Identified the cursed +3 war axe "Shisat" {drain, rF+ rC+} (You found it on level 9 of the Dungeon)
  6730 | D:9      | Found a bloodstained altar of Trog.
  6845 | D:9      | Reached XP level 10. HP: 61/67 MP: 11/11
  7453 | D:10     | Found a staircase to the Lair.
  7529 | D:10     | Reached skill level 15 in Stealth
  7571 | D:10     | Slain by an orc warrior

Action                   |  1- 3 |  4- 6 |  7- 9 | 10-12 || total
-------------------------+-------+-------+-------+-------++-------
Melee: Dagger            |   123 |   110 |   433 |    67 ||   733
 Abil: Bottle Blood      |       |     4 |    41 |     5 ||    50
Evoke: Wand              |       |     3 |     6 |       ||     9
  Use: Potion            |       |     3 |    29 |     5 ||    37
       Scroll            |       |       |    11 |     1 ||    12
 Stab: Sleeping          |    11 |    27 |    34 |     1 ||    73
       Distracted        |       |     2 |     1 |       ||     3
       Paralysed         |       |     1 |     3 |       ||     4
